 Dungeon Crawl Stone Soup version 0.29.0-4-gdea44cf6ec (webtiles) character file.

Game seed: 16021068322186422778

6 qw the Sneak (level 1, -2/14 HPs)
             Began as a Ghoul Enchanter on Sept 6, 2022.
             Slain by a hobgoblin (3 damage)
             ... on level 1 of the Dungeon.
             The game lasted 00:00:10 (1432 turns).

qw the Sneak (Ghoul Enchanter)                      Turns: 1432, Time: 00:00:11

Health: -2/14      AC:  2    Str: 11    XL:     1   Next: 90%
Magic:  2/2        EV: 12    Int: 10    God:
Gold:   0          SH:  0    Dex:  9    Spells: 3/3 levels left

rFire   . . .      SeeInvis .   d - +0 mace
rCold   + . .      Faith    .   (no shield)
rNeg    + + +      Spirit   .   b - +0 robe
rPois   inf        Reflect  .   (no helmet)
rElec   .          Harm     .   (no cloak)
rCorr   .          Rampage  .   (no gloves)
Will    .....                   (no boots)
Stlth   ++........              (no amulet)
HPRegen 0.00/turn               (no ring)
MPRegen 0.08/turn               (no ring)

@: inhibited regen
A: claws 1, cold resistance 1, negative energy resistance 3, inhibited
regeneration, torment resistance 2, devour on kill
a: no special abilities


You were on level 1 of the Dungeon.
You visited 1 branch of the dungeon, and saw 1 of its levels.


Innate Abilities, Weirdness & Mutations

You are immune to poison.
You have sharp fingernails.
Your flesh is cold resistant. (rC+)
You are immune to negative energy. (rN+++)
You do not regenerate when monsters are visible.
You are immune to unholy pain and torment.
You thrive by killing the living.


   Skills:
 + Level 0.2 Fighting
 - Level 0.8 Short Blades
 - Level 1.1 Axes
 - Level 1.7 Dodging
 - Level 3.2 Stealth
 - Level 1.7 Spellcasting
 - Level 2.4 Hexes


You had 3 spell levels left.
You didn't know any spells.
Your spell library contained the following spells:

 Spells                   Type           Power      Damage    Failure   Level
 Ensorcelled Hibernation  Hex/Ice        6%         N/A       30%         2
 Confusing Touch          Hex            5%         N/A       34%         3
 Tukima's Dance           Hex            5%         N/A       34%         3
 Dazzling Flash           Conj/Hex       6%         N/A       52%         3

Inventory:

Hand Weapons
 d - a +0 mace (weapon)
Armour
 b - a +0 robe (worn)
Scrolls
 a - a scroll of fear {unknown}
 e - a scroll of poison {unknown}
Potions
 c - 2 potions of invisibility

Dungeon Overview and Level Annotations

Branches:
Dungeon (1/15)

Altars:


Message History

Done waiting.
1317 ||| Stepping ~*~*~tactically~*~*~ (hiding).
You start waiting.
Done waiting.
A kobold comes into view. It is wielding a +0 club.
The kobold shouts!
You hear a shout!
The dart slug launches a dart at you. The slug dart misses you.
A hobgoblin comes into view.
Found 10 gold pieces.
You sock the dart slug!
The dart slug is severely wounded.
The dart slug closely misses you.
You hit the dart slug.
You kill the dart slug!
Your Axes skill increases to level 1!
You barely miss the kobold. The kobold hits you with a +0 club. x2
You barely miss the kobold. The kobold barely misses you.
You completely miss the kobold. The kobold barely misses you.
You hit the kobold but do no damage. The kobold hits you with a +0 club.
The kobold barely misses you.
You hit the kobold.
You kill the kobold!
You feel better.
You hit the hobgoblin.
The hobgoblin is almost dead.
The hobgoblin closely misses you.
You barely miss the hobgoblin.
The hobgoblin is severely wounded.
The hobgoblin closely misses you. x2
You closely miss the hobgoblin.
The hobgoblin is severely wounded.
The hobgoblin hits you.
You barely miss the hobgoblin.
The hobgoblin is severely wounded.
The hobgoblin hits you.
You die...

#.##### .##
#.....# ..#
#####.# #.#
#.# #.######
#.#
##.#.....
#.#####....#
#...)....#
#.######.#
#.. #@# ####
#g# #.. #..$
....# ....#
....# ......


You could see a hobgoblin.

Vanquished Creatures
  2 dart slugs (D:1)
  A kobold (D:1)
3 creatures vanquished.

Notes
Turn   | Place    | Note
-------+----------+-------------------------------------------
     0 | D:1      | qw the Ghoul Enchanter began the quest for the Orb.
     0 | D:1      | Reached XP level 1. HP: 14/14 MP: 2/2
     0 | D:1      | 0 ||| qw: Version: 0.1-a-107-g9ff403c
     0 | D:1      | 0 ||| qw: Game counter: 6166
     0 | D:1      | 0 ||| qw: Always use a shield: true
     0 | D:1      | 0 ||| qw: God list: Okawaru
     0 | D:1      | 0 ||| qw: Allow faded altars: false
     0 | D:1      | 0 ||| qw: Do Orc after D:15 true
     0 | D:1      | 0 ||| qw: Do second Lair branch before Depths: true
     0 | D:1      | 0 ||| qw: Lair rune preference: random
     0 | D:1      | 0 ||| qw: Plans: Normal
     0 | D:1      | 0 ||| PLANNING D:1-11
     8 | D:1      | 8 ||| SWAPPING to +0 mace.
     9 | D:1      | 9 ||| DROPPING +1 dagger.
    16 | D:1      | 16 ||| Stepping ~*~*~tactically~*~*~ (hiding).
   118 | D:1      | 118 ||| Stepping ~*~*~tactically~*~*~ (hiding).
   220 | D:1      | 220 ||| Stepping ~*~*~tactically~*~*~ (hiding).
   322 | D:1      | 322 ||| Stepping ~*~*~tactically~*~*~ (hiding).
   424 | D:1      | 424 ||| Stepping ~*~*~tactically~*~*~ (hiding).
   603 | D:1      | 603 ||| Stepping ~*~*~tactically~*~*~ (hiding).
   705 | D:1      | 705 ||| Stepping ~*~*~tactically~*~*~ (hiding).
   807 | D:1      | 807 ||| Stepping ~*~*~tactically~*~*~ (hiding).
   909 | D:1      | 909 ||| Stepping ~*~*~tactically~*~*~ (hiding).
  1011 | D:1      | 1011 ||| Stepping ~*~*~tactically~*~*~ (hiding).
  1113 | D:1      | 1113 ||| Stepping ~*~*~tactically~*~*~ (hiding).
  1215 | D:1      | 1215 ||| Stepping ~*~*~tactically~*~*~ (hiding).
  1317 | D:1      | 1317 ||| Stepping ~*~*~tactically~*~*~ (hiding).
  1423 | D:1      | Reached skill level 1 in Axes
  1431 | D:1      | HP: 1/14 [hobgoblin (4)]
  1432 | D:1      | Slain by a hobgoblin

Levels and vault maps discovered:
D:1:      dpeg_arrival_water_altar, layout_rooms, serial_shops, shop

Skill      XL: |  1 |
---------------+----+-----
Axes           | 1 |  1.1
Fighting       | |  0.2
Short Blades   | |  0.8
Dodging        | |  1.7
Stealth        | |  3.2
Spellcasting   | |  1.7
Hexes          | |  2.4

Action                   || total
-------------------------++-------
Melee: Mace              ||    15
Dodge: Dodged            ||     9

Table legend:
 A = Non-vault XP
 B = Vault XP
 C = Vault XP percentage of total XP
 D = Non-vault monster count
 E = Vault monster count
 F = Vault count percentage of total count
                 A         B        C        D         E       F
            +---------+---------+-------+---------+---------+-------
      Total |       9 |       0 |   0.0 |       3 |       0 |   0.0
            +---------+---------+-------+---------+---------+-------
        D:1 |       9 |       0 |   0.0 |       3 |       0 |   0.0
            +---------+---------+-------+---------+---------+-------
